 Dungeon Crawl Stone Soup version 0.20.0-1-g1cb1d84 (webtiles) character file.

35 FakerFangirl the Cudgeler (level 3, -4/31 HPs)
             Began as a Draconian Fighter on May 26, 2017.
             Slain by an adder (5 damage)
             ... on level 2 of the Dungeon.
             The game lasted 00:01:24 (1233 turns).

FakerFangirl the Cudgeler (Draconian Fighter)       Turns: 1233, Time: 00:01:25

Health: -4/31      AC:  5    Str: 15 (18) XL:     3   Next: 17%
Magic:  3/3        EV: 10    Int:  6 (8)  God:
Gold:   64         SH:  8    Dex:  9 (11) Spells: 2/2 levels left

rFire    . . .     SeeInvis .   Y - +0 flail
rCold    . . .     Gourm    .   b - +0 shield
rNeg     . . .     Faith    .   (armour unavailable)
rPois    .         Spirit   .   (helmet restricted)
rElec    .         Reflect  .   (no cloak)
rCorr    .         Harm     .   (no gloves)
MR       .....                  (no boots)
Stlth    +.........             (no amulet)
Regen    0.1/turn               (no ring)
MPRegen  0.1/turn               (no ring)

@: lethally poisoned (-4 -> -8)
A: unfitting armour, cold-blooded, AC +5
a: no special abilities


You were on level 2 of the Dungeon.
You were not hungry.

You visited 1 branch of the dungeon, and saw 2 of its levels.

You collected 64 gold pieces.


Innate Abilities, Weirdness & Mutations

Your plain brown scales are hard. (AC +5)
You cannot fit into any form of body armour.
You are cold-blooded and may be slowed by cold attacks.


   Skills:
 - Level 3.2 Fighting
 + Level 3.6 Maces & Flails
 - Level 2.6 Dodging
 - Level 3.0 Shields


You had 2 spell levels left.
You didn't know any spells.

Inventory:

Hand Weapons
 Y - a +0 flail (weapon)
Armour
 b - a +0 shield (worn)
Scrolls
 e - a scroll of identify
Potions
 c - 3 potions of might
 i - a potion of agility {unknown}
 k - a potion of curing {unknown}
 l - a potion of mutation {unknown}
Comestibles
 a - 4 chunks of flesh
 d - 2 bread rations

Dungeon Overview and Level Annotations

Branches:
Dungeon (2/15)

Altars:


Message History

You barely miss the adder.
The adder is lightly wounded.
You feel sick. The adder bites you. The adder closely misses you.
You block the adder's attack. x2
You miss the adder.
The adder is lightly wounded.
The adder misses you. The adder bites you. You block the adder's attack.
The adder misses you.
Your shield prevents you from hitting the adder.
Your tail-slap misses the adder.
The adder is lightly wounded.
You feel sick. You block the adder's attack. x2
You barely miss the adder.
The adder is lightly wounded.
The adder bites you. x2; The adder bites you but does no damage.
The adder closely misses you.
You closely miss the adder.
Your tail-slap misses the adder.
The adder is lightly wounded.
You feel sick. You block the adder's attack. The adder bites you.
You die...

# #.#
####.#.#####
# #.# #.#.#
#.. #.#
#.#.# #.#
..# #.#.#
#.# ###
#.#.# #.#
#.#.# #.#
#.#.# #.#
#.#.###S###
#.#....@S.#
#.#.#####.#
#.#.## .#
#....# S.
#.........##
#...#####.S#
...... .#
###...## ##
##...


You could see 2 adders.

Vanquished Creatures
  2 oozes (D:2)
  A dart slug (D:1)
  A leopard gecko (D:1)
  3 goblins (D:1)
  3 jackals (D:1)
  3 ball pythons (D:1)
  4 bats
  4 frilled lizards (D:1)
  2 kobolds (D:1)
  4 rats (D:1)
27 creatures vanquished.

Notes
Turn   | Place    | Note
-------+----------+-------------------------------------------
     0 | D:1      | FakerFangirl the Draconian Fighter began the quest for the Orb.
     0 | D:1      | Reached XP level 1. HP: 19/19 MP: 1/1
     0 | D:1      | 0 ||| counter = 89
   212 | D:1      | 212 ||| Stepping ~*~*~tactically~*~*~ (outnumbered).
   230 | D:1      | Reached XP level 2. HP: 26/26 MP: 2/2
   329 | D:1      | Reached skill level 3 in Maces & Flails
   905 | D:1      | 905 ||| READING scroll labeled MEGIQI TIGEU.
   906 | D:1      | 906 ||| READING scroll labeled PAH ASIGAMNAFI.
   907 | D:1      | 907 ||| READING scroll labeled VYDYN IZXOMU.
   908 | D:1      | 908 ||| READING scroll labeled XERUOTS CAUFF.
   909 | D:1      | 909 ||| DRINKING 2 purple potions.
   910 | D:1      | 910 ||| DROPPING potion of degeneration.
   986 | D:2      | 986 ||| STAIRDANCE
   990 | D:2      | 990 ||| STAIRDANCE
  1018 | D:2      | 1018 ||| STAIRDANCE
  1055 | D:2      | Reached XP level 3. HP: 27/31 MP: 3/3
  1230 | D:2      | HP: 7/31 [adder (4)]
  1232 | D:2      | HP: 2/31 [adder (2)]
  1233 | D:2      | Slain by an adder

Vault maps used:
D:1:      sevenhm_arrival_forest_fort_small_3, minmay_stone_trees_small,
          nrook_mini_backslash
D:2:      chequers_temple_overflow_minitemple, lemuel_doored_altar, first_bread,
          minmay_misc_feat_rows, uniq_terence

Skill      XL: |  1  2 |
---------------+-------+-----
Maces & Flails | 3 |  3.6
Fighting       | |  3.2
Dodging        | |  2.6
Shields        | |  3.0

Action                   || total
-------------------------++-------
Melee: Flail             ||   105
       Tailslap          ||     5
  Use: Scroll            ||     4
       Potion            ||     1
  Eat: Chunk             ||     1
Armor: Skin              ||    37
Dodge: Dodged            ||    47
Block: Shield            ||    66
